 Dungeon Crawl Stone Soup version 0.19-a0-1365-gb34f4cb (webtiles) character file.

400 Amnesiac the Grave Robber (level 6, -1/32 HPs)
             Began as a Deep Elf Necromancer on Sept 3, 2016.
             Slain by an iguana (12 damage)
             ... on level 5 of the Dungeon.
             The game lasted 00:04:00 (2372 turns).

Amnesiac the Grave Robber (Deep Elf Necromancer)    Turns: 2372, Time: 00:04:01

Health: -1/32      AC:  5    Str:  5    XL:     6   Next: 54%
Magic:  6/15       EV: 14    Int: 20    God:
Gold:   108        SH:  0    Dex: 17    Spells: 2 memorised, 11 levels left

rFire  . . .     SeeInvis .     e - +0 quarterstaff
rCold  . . .     Gourm    .     a - +0 robe
rNeg   . . .     Faith    .     (shield currently unavailable)
rPois  .         Spirit   .     (no helmet)
rElec  .         Dismiss  .     k - +2 cloak
rCorr  .         Reflect  .     (no gloves)
MR     .....     Harm     .     (no boots)
Stlth  ++........               (no amulet)
                                (no ring)
                                j - ring of loudness (curse)

@: no status effects
A: no striking features
a: no special abilities


You were on level 5 of the Dungeon.
You were near starving.

You visited 1 branch of the dungeon, and saw 5 of its levels.

You collected 108 gold pieces.

Inventory:

Hand Weapons
 e - a +0 quarterstaff (weapon)
Armour
 a - a +0 robe (worn)
 k - a +2 cloak (worn)
Jewellery
 j - a cursed ring of loudness (left hand)
Scrolls
 d - a scroll of magic mapping {unknown}
 h - 2 scrolls of identify {unknown}
 i - 2 scrolls of teleportation {unknown}
 n - a scroll of enchant weapon {unknown}
Potions
 l - a potion of ambrosia {unknown}
Books
 b - a book of Necromancy

   Spells                             Type                      Level
   a - Pain                           Necromancy                   1
   b - Animate Skeleton               Necromancy                   1
   c - Vampiric Draining              Necromancy                   3
   d - Regeneration                   Charms/Necromancy            3
   e - Animate Dead                   Necromancy                   4
   f - Control Undead                 Necromancy                   4
Comestibles
 c - a bread ration
 f - 3 fruits
 g - a royal jelly


   Skills:
 - Level 4.0 Dodging
 - Level 4.0 Stealth
 + Level 5.3 Spellcasting
 * Level 7.3 Necromancy


You had 11 spell levels left.
You knew the following spells:

 Your Spells              Type           Power        Failure   Level  Hunger
f - Vampiric Draining     Necr           ####......   1%          3    ##.....
z - Pain                  Necr           ####         1%          1    None


Dungeon Overview and Level Annotations

Branches:
Dungeon (5/15)
 Temple: D:4-7

Altars:
Trog

Shops:
D:4 :(*


Message History

The magic dart hits you!
* * * LOW HITPOINT WARNING * * *
Casting: Pain
Confirm with . or Enter, or press ? or * to list all spells.
Aiming: Vampiric Draining
Press: ? - help, Shift-Dir - straight line, f - orc wizard
Aim: an orc wizard, wielding a dagger and wearing a robe (moderately wounded)
You kill the orc wizard!
You feel life coursing into your body.
You start resting.
You start resting.
You are near starving!
You start resting.
Casting: Vampiric Draining
Confirm with . or Enter, or press ? or * to list all spells.
Aiming: Pain
Press: ? - help, Shift-Dir - straight line, f - iguana
Aim: an iguana (hasn't noticed you, chance to defeat MR: 89%)
The iguana writhes in agony!
The iguana bites you!
You die...

###..... .# ......#
.### #...... ...
#.....##.### #
#..#.......
##.#..#.#...#
.........#.##########
....).l@.>..........#
......#....########.#
..... #<...########.#
...#................#
## #..#.#.########..#
#........ #..#
#......... #..#
#l.############..# .
. ........<#


You could see an iguana.

Vanquished Creatures
  A sky beast (D:5)
  An ice beast (D:4)
  An ogre (D:4)
  A hound (D:4)
  An orc wizard (D:5)
  A worker ant (D:4)
  2 adders
  4 worms
  A dart slug (D:2)
  2 giant geckos (D:4)
  5 orcs
  A bat (D:2)
  3 hobgoblins
  A kobold (D:1)
  A quokka (D:4)
  A giant gecko skeleton (D:4)
  3 giant newts
  3 goblins
  2 rats (D:2)
35 creatures vanquished.

Notes
Turn   | Place    | Note
-------+----------+-------------------------------------------
     0 | D:1      | Amnesiac the Deep Elf Necromancer began the quest for the Orb.
     0 | D:1      | Reached XP level 1. HP: 10/10 MP: 6/6
   674 | D:1      | Reached XP level 2. HP: 15/15 MP: 6/8
   696 | D:1      | Reached skill level 5 in Necromancy
  1158 | D:3      | Reached XP level 3. HP: 19/19 MP: 8/10
  1163 | D:3      | Learned a level 3 spell: Vampiric Draining
  1227 | D:4      | Found Septouru's Book Boutique.
  1392 | D:4      | Found Estrol's Weapon Shop.
  1420 | D:4      | Found Kuumul's Assorted Antiques.
  1516 | D:4      | Reached XP level 4. HP: 18/24 MP: 4/11
  1610 | D:4      | Found a bloodstained altar of Trog.
  1690 | D:4      | Noticed an ogre
  1696 | D:4      | Killed an ogre
  1696 | D:4      | Reached XP level 5. HP: 23/28 MP: 4/13
  1962 | D:4      | Reached skill level 6 in Necromancy
  2110 | D:4      | Noticed an ice beast
  2117 | D:4      | Killed an ice beast
  2117 | D:4      | Reached XP level 6. HP: 29/32 MP: 9/15
  2261 | D:5      | Entered Level 5 of the Dungeon
  2265 | D:5      | Noticed a sky beast
  2274 | D:5      | Killed a sky beast
  2274 | D:5      | Reached skill level 5 in Spellcasting
  2274 | D:5      | Reached skill level 7 in Necromancy
  2372 | D:5      | Slain by an iguana

Vault maps used:
D:1:      mrwooster_arrival_statue_2
D:2:      kennysheep_vampire_church, lemuel_coloured_pillars_altar
D:3:      nicolae_overflow_crystal_walls, first_bread
D:4:      serial_shops, shop, shop_fountains, kennysheep_mini,
          grunt_decor_resistance, trog_butcher_becter
D:5:      lemuel_round_altar, nicolae_tso_carved_into_rock

Skill      XL: |  1  2  3  4  5  6 |
---------------+-------------------+-----
Necromancy     | 5 6 7 |  7.3
Dodging        | 3 4 |  4.0
Stealth        | 3 4 |  4.0
Spellcasting   | 4 5 |  5.3

Action                   |  1- 3 |  4- 6 || total
-------------------------+-------+-------++-------
Melee: Quarterstaff      |     8 |       ||     8
 Cast: Pain              |    48 |    50 ||    98
       Vampiric Draining |     1 |     4 ||     5
  Eat: Chunk             |     2 |     1 ||     3
Armor: Robe              |     6 |     3 ||     9
Dodge: Dodged            |     9 |     2 ||    11
